 Dungeon Crawl Stone Soup version 0.32-a0-876-gcfddb08e57 (webtiles) character file.

Game seed: 5927150878515610004

32993 ezpacito the Fighter (level 13, -3/90 HPs)
             Began as a Coglin Chaos Knight on Apr 1, 2024.
             Was a Plaything of Xom.
             Killed from afar by an ice dragon (28 damage)
             ... with a blast of cold
             ... on level 13 of the Dungeon.
             The game lasted 00:20:21 (12771 turns).

ezpacito the Fighter (Coglin Chaos Knight)         Turns: 12771, Time: 00:20:21

Health: -3/90      AC: 11    Str: 19    XL:     13   Next: 68%
Magic:  12/20      EV: 19    Int: 12    God:    Xom [*.....]
Gold:   288        SH:  4    Dex: 27    Spells: 2/21 levels left

rFire   + . .        a - +0 hand axe (chaos) {Waldo}
rCold   . . .        f - +7 trident "Fumizxut" {vamp, rPois Int+2 Dex+5}
rNeg    . . .        K - +3 steam dragon scales
rPois   +            A - +2 hat
rElec   +            x - scarf {shadows}
rCorr   .            (no gloves)
SInv    +            (no boots)
Will    +....        (amulet unavailable)
Stlth   +++++        (ring unavailable)
HPRegen 0.35/turn    (ring unavailable)
MPRegen 0.17/turn    (no gizmo)

%: no passive effects
@: about to teleport
A: off-hand wielding, slow wielding, warmup strikes, no jewellery, large bone
plates 1, thin skeletal structure 1, see invisible, agile 2, deterioration 1,
fire resistance 1, frail 1, strong-willed 1, poison resistance, electricity
resistance, strong 1, MP-powered wands
a: Invent Gizmo, Renounce Religion


You were on level 13 of the Dungeon.
You worshipped Xom.
You were a special plaything of Xom.
You visited 2 branches of the dungeon, and saw 14 of its levels.

You collected 1288 gold pieces.
You spent 1000 gold pieces at shops.

Inventory:

Hand Weapons
 a - a +0 hand axe of chaos (weapon) {Waldo}
 f - the +7 trident "Fumizxut" (offhand) {vamp, rPois Int+2 Dex+5}
   (You found it on level 3 of the Dungeon)

   Int+2:     It affects your intelligence (+2).
   Dex+5:     It affects your dexterity (+5).
   rPois:     It protects you from poison.
 v - a +3 heavy broad axe
 F - a -1 demon whip of venom
 O - a +6 hand axe of flaming
 P - a +3 war axe
 Q - a +0 broad axe of flaming
Missiles
 c - 8 atropa-tipped darts
 d - 12 boomerangs
 k - 31 poisoned darts (quivered)
 C - a throwing net
 E - 3 curare-tipped darts
Armour
 x - a scarf of shadows (worn)
 A - a +2 hat (worn)
 K - +3 steam dragon scales (worn)
 N - a +0 plate armour
Magical Staves
 q - a staff of cold
Talismans
 e - a blade talisman
 g - a flux talisman
 p - the storm talisman "Liduchop" {rCorr}
   (You found it on level 12 of the Dungeon)

   [storm talisman]

   rCorr:     It protects you from acid and corrosion.
Wands
 b - a wand of flame (19)
 D - a wand of digging (5)
 G - a wand of polymorph (10)
 L - a wand of iceblast (10)
Scrolls
 i - 3 scrolls of identify
 n - a scroll of torment
 o - 2 scrolls of amnesia
 r - 3 scrolls of noise
 t - 4 scrolls of teleportation
 H - 2 scrolls of revelation
 I - 3 scrolls of fog
Potions
 h - 2 potions of haste
 j - 3 potions of mutation
 l - a potion of heal wounds
 m - 3 potions of brilliance
 s - a potion of lignification
 u - 2 potions of attraction
 w - a potion of cancellation
 J - 2 potions of enlightenment
Miscellaneous
 z - a lightning rod (inert)


   Skills:
 * Level 9.5 Fighting
 * Level 9.5(11.0) Axes
 * Level 8.0(9.7) Polearms
 * Level 8.4 Armour
 * Level 8.0 Dodging
 + Level 5.4 Stealth
 + Level 3.3 Unarmed Combat
 + Level 4.9 Spellcasting
 + Level 3.0 Conjurations
 + Level 3.0 Necromancy
 + Level 3.1 Alchemy
 + Level 7.0 Evocations


You had 2 spell levels left.
You knew the following spells:

 Your Spells              Type           Power      Damage    Failure   Level
a - Cigotuvi's Dreadful   Necr/Alch/Air  14%        N/A       13%         2
b - Ignite Poison         Fire/Alch      6%         N/A       71%         4
c - Foxfire               Conj/Fire      24%        2x1d5     11%         1
d - Freezing Cloud        Conj/Ice/Air   2%         6-21      98%         5
s - Sticky Flame          Fire/Alch      6%         2d4       71%         4
x - Mephitic Cloud        Conj/Alch/Air  7%         N/A       26%         3

Your spell library contained the following spells:

 Spells                   Type           Power      Damage    Failure   Level
 Sublimation of Blood     Necr           10%        N/A       9%          2
 Call Imp                 Summ           4%         N/A       30%         2
 Flame Wave               Conj/Fire      6%         2d5       71%         4
 Starburst                Conj/Fire      3%         6d3       100%        6
 Summon Hydra             Summ           1%         N/A       100%        7
 Shatter                  Erth           1%         3d5*      100%        9


Dungeon Overview and Level Annotations

Branches:
Dungeon (13/15)            Temple (1/1) D:5            Lair (0/5) D:9
    Orc (0/2) D:12
 Vaults: D:13-14

Altars:
Ashenzari
Cheibriados
Dithmenos
Elyvilon
Fedhas
Gozag
Hepliaklqana
Kikubaaqudgha
Makhleb
Nemelex Xobeh
Okawaru
Qazlal
Ru
Sif Muna
Trog
Uskayaw
Vehumet
Wu Jian
Xom
Yredelemnul
Zin
The Shining One
Beogh

Shops:
D:3 !   D:4 !!*   D:7 !   D:9 :   D:13 [

Portals:
Trove: D:12 (give 7 potions of haste)


Innate Abilities, Weirdness & Mutations

You can wield a second weapon in your off-hand.
It takes a long time for you to wield or remove held weapons.
Your first few attacks do less damage.
You cannot equip rings or amulets.
You are partially covered in large bone plates. (SH +4)
You have a somewhat thin skeletal structure. (Dex +2, Stealth+)
You have supernaturally acute eyesight. (SInv)
You are very agile. (Dex +8, Str/Int -2)
Your body sometimes deteriorates upon taking damage.
Your flesh is heat resistant. (rF+)
You are frail. (-10% HP)
You are strong-willed. (Will+)
Your system is resistant to poisons. (rPois)
You are resistant to electric shocks. (rElec)
Your muscles are strong. (Str +4, Int/Dex -1)
You expend magic power (3 MP) to strengthen your wands.


Message History

You now have 14/20 mp.
Aiming: Polymorph
Press: ? - help, Shift-Dir - straight line, f/p - ice dragon
Aim: an ice dragon (lava, moderately wounded, catching its breath, will become a moth of wrath, a fire dragon, or a swamp dragon, chance to affect: 55%)
Okay, then.
Aiming: Throw Flame
Press: ? - help, Shift-Dir - straight line, f/p - ice dragon
Aim: an ice dragon (lava, moderately wounded, catching its breath, 84% to hit)
You feel a surge of power!
The puff of flame hits the ice dragon.
The ice dragon is burned terribly!
The ice dragon is moderately wounded.
You now have 11/20 mp.
You barely miss the ice dragon with your +0 hand axe of chaos.
The ice dragon is moderately wounded.
You puncture the ice dragon with the +7 trident "Fumizxut"!
You feel better.
The ice dragon bites you but does no damage.
The ice dragon claws you but does no damage.
The ice dragon tramples you but does no damage.
You regained 9 hp, and now have 80/90 hp.
You puncture the ice dragon with the +7 trident "Fumizxut"!
You feel better.
The ice dragon is heavily wounded.
You closely miss the ice dragon with your +0 hand axe of chaos.
Xom's power flows through you!
The dungeon shakes, a horrible noise fills the air, and a portal to some otherworldly place is opened!
You are now a special plaything of Xom.
The ice dragon completely misses you. You block the ice dragon's attack.
The ice dragon tramples you but does no damage.
The ice dragon breathes frost at you. The blast of cold hits you!!!
Ouch! That really hurt!
* * * LOW HITPOINT WARNING * * *
You take 58 damage, and have 24/90 hp.
MASSIVE DAMAGE!!
Okay, then.
As you read the scroll of teleportation, it crumbles to dust.
You feel strangely unstable. The ice dragon breathes frost at you.
The blast of cold hits you!!
You die...

#..... , #.....
##.. #..### .... ,
#######..#,,
...####........#,,
..##≈§###+#....#,
#.#≈∩.≈# ####.###
#.# ..≈# , , #...#
#@## ≈.+, , ,#...#
#.D###.#,, ,#...#
#......#,, , #...#
####.w.#++####...#
#│............#
#│............#
###.\...........#
.....*§.........#
.....§..........#


You could see an ice dragon (catching breath, ally target) and a friendly
eldritch tentacle.

Vanquished Creatures
  Erolcha (D:11)
  A rakshasa (D:12)
  4 centaur warriors
  3 two-headed ogres
  4 boulder beetles
  3 death knights (D:12)
  Amaemon (D:8)
  2 deep elf pyromancers (D:12)
  4 cyclopes
  Maurice (D:8)
  2 manticores
  4 ugly things
  An orange demon (D:8)
  A cane toad (shapeshifter) (D:12)
  2 gargoyles (D:12)
  Maggie (D:7)
  A komodo dragon (D:11)
  3 kobold demonologists
  A yaktaur (shapeshifter) (D:12)
  A freezing wraith (D:9)
  A tengu conjurer (D:12)
  7 trolls
  Grinder (D:5)
  Prince Ribbit (D:6)
  5 centaur simulacra (D:12)
  Sigmund (D:3)
  5 slime creatures (D:13)
  2 shadows
  3 yaks (D:9)
  3 wyverns
  3 vampires
  2 wraiths
  6 humans (D:7)
  2 basilisks (D:12)
  A warg (D:10)
  4 steam dragons
  5 vampire mosquitoes
  Menkaure (D:6)
  5 acid dragons
  A water moccasin (D:6)
  A sky beast (D:7)
  5 orc warriors
  An ice beast (D:6)
  A black bear (shapeshifter) (D:12)
  2 ogres
  A laughing skull (D:9)
  7 centaurs
  2 kobold brigands
  A phantom (D:6)
  3 bullfrogs
  A brain worm (shapeshifter) (D:12)
  2 gnoll sergeants
  3 scorpions
  7 wights (D:9)
  7 killer bees
  7 howler monkeys
  3 jellies
  2 bombardier beetles
  5 hounds
  6 orc priests
  A sleepcap (D:6)
  Terence (D:3)
  Natasha (thrice) (D:2)
  3 iguanas
  6 orc wizards
  8 gnolls
  7 adders
  2 shadow imps (D:6)
  2 white imps
  3 dart slugs
  20 orcs
  5 ball pythons
  4 bats
  4 endoplasms
  A giant cockroach (D:1)
  10 goblins
  5 hobgoblins
  A quokka (D:1)
  2 frilled lizards
  12 kobolds
  3 rats
  A butterfly (D:5)
271 creatures vanquished.

Vanquished Creatures (collateral kills)
  Fannar (D:11)
  A two-headed ogre (D:11)
  An orc priest (D:3)
  An orc wizard (D:6)
  Robin (D:3)
  3 orcs
  An endoplasm (D:3)
  2 goblins (D:3)
  A bat (D:3)
  A rat (D:3)
13 creatures vanquished.

Vanquished Creatures (others)
  A great orb of eyes (D:12)
  A two-headed ogre (D:12)
  A raiju (shapeshifter) (D:12)
  An orc warrior (D:6)
  A scorpion (D:5)
  An orc wizard (D:6)
6 creatures vanquished.

Grand Total: 290 creatures vanquished

Notes
Turn   | Place    | Note
-------+----------+-------------------------------------------
     0 | D:1      | ezpacito the Coglin Chaos Knight began the quest for the
                  | Orb.
     0 | D:1      | Reached XP level 1. HP: 18/18 MP: 1/1
   167 | D:1      | Reached skill level 1 in Dodging
   220 | D:1      | Reached XP level 2. HP: 24/24 MP: 2/2
   247 | D:1      | XOM: cast spell 'Summon Ice Beast'
   318 | D:1      | XOM: silly message
   598 | D:1      | Reached XP level 3. HP: 29/29 MP: 3/3
   622 | D:1      | XOM: noise
   795 | D:2      | Noticed Natasha
   805 | D:2      | Killed Natasha
   926 | D:2      | Noticed Natasha
   933 | D:2      | Killed Natasha
   934 | D:2      | Reached skill level 1 in Polearms
   934 | D:2      | Reached XP level 4. HP: 24/35 MP: 4/4
  1055 | D:2      | Noticed Natasha
  1064 | D:2      | Killed Natasha
  1065 | D:2      | Reached skill level 1 in Stealth
  1143 | D:2      | Found a white marble altar of Elyvilon.
  1490 | D:3      | Noticed Terence
  1490 | D:3      | XOM: 1-stop teleportation journey
  1491 | D:3      | XOM: fog
  1493 | D:3      | XOM: noise
  1495 | D:3      | Killed Terence
  1496 | D:3      | Reached XP level 5. HP: 19/41 MP: 6/6
  1506 | D:3      | Reached skill level 1 in Spellcasting
  1530 | D:3      | Noticed Robin
  1538 | D:3      | Killed Robin
  1564 | D:3      | XOM: give mutation
  1564 | D:3      | Gained mutation: You expend magic power (3 MP) to
                  | strengthen your wands. [Xom's mischief]
  1570 | D:3      | XOM: give mutation
  1570 | D:3      | Gained mutation: Your mind is acute. (Int +4, Str/Dex -1)
                  | [Xom's mischief]
  1635 | D:3      | Reached XP level 6. HP: 39/48 MP: 7/7
  1685 | D:3      | Identified the +7 trident "Fumizxut" {vamp, rPois Int+2
                  | Dex+5}
  1852 | D:3      | Found Delituy's Distillery.
  1869 | D:3      | Bought a potion of heal wounds for 50 gold pieces
  1869 | D:3      | Bought a potion of curing for 30 gold pieces
  1869 | D:3      | Bought a potion of attraction for 30 gold pieces
  1869 | D:3      | Bought a potion of brilliance for 40 gold pieces
  1950 | D:3      | Found a faded altar of an unknown god.
  2031 | D:3      | Noticed Sigmund
  2035 | D:3      | XOM: cast spell 'Summon Small Mammal'
  2040 | D:3      | Killed Sigmund
  2154 | D:3      | XOM: give mutations
  2154 | D:3      | Gained mutation: Your body sometimes deteriorates upon
                  | taking damage. [Xom's mischief]
  2154 | D:3      | Gained mutation: Your body often deteriorates upon taking
                  | damage. [Xom's mischief]
  2154 | D:3      | Lost mutation: Your mind is acute. (Int +4, Str/Dex -1)
                  | [Xom's mischief]
  2190 | D:3      | XOM: scenery: summon butterflies
  2194 | D:3      | XOM: polymorph butterfly -> boggart
  2258 | D:3      | XOM: god gift: storm talisman
  2323 | D:4      | Found Jis Gaoh's Distillery.
  2340 | D:4      | Bought a potion of degeneration for 12 gold pieces
  2340 | D:4      | Bought a potion of curing for 36 gold pieces
  2363 | D:4      | Found Uconurip's Assorted Antiques.
  2394 | D:4      | Found Xenkuage's Distillery.
  2543 | D:4      | Reached XP level 7. HP: 53/54 MP: 9/9
  2888 | D:4      | XOM: scenery: summon butterflies
  2962 | D:4      | XOM: god gift: lightning rod (4/4)
  2975 | D:5      | Entered Level 5 of the Dungeon
  3060 | D:5      | XOM: destruction
  3110 | D:5      | Found a shimmering blue altar of Sif Muna.
  3110 | D:5      | Found a radiant altar of Vehumet.
  3143 | D:5      | Found a staircase to the Ecumenical Temple.
  3219 | D:5      | Reached skill level 1 in Evocations
  3305 | Temple   | Entered the Ecumenical Temple
  3358 | D:5      | XOM: god gift: 29 gold pieces
  3390 | D:5      | Found an iron altar of Okawaru.
  3433 | D:5      | Noticed Grinder
  3435 | D:5      | XOM: god gift: arbalest {god gift}
  3441 | D:5      | Paralysed by Grinder for 3 turns
  3444 | D:5      | Killed Grinder
  3445 | D:5      | Reached XP level 8. HP: 42/61 MP: 10/10
  3746 | D:6      | Noticed Menkaure
  3748 | D:6      | XOM: 3-stop teleportation journey
  3856 | D:6      | Found a burning altar of Makhleb.
  3856 | D:6      | Found a broken altar of Ashenzari.
  3988 | D:6      | Reached skill level 5 in Fighting
  3988 | D:6      | Reached skill level 5 in Axes
  4023 | D:6      | Found a hazy altar of Hepliaklqana.
  4086 | D:6      | Killed Menkaure
  4203 | D:6      | Noticed Prince Ribbit
  4214 | D:6      | Killed Prince Ribbit
  4215 | D:6      | Reached XP level 9. HP: 61/68 MP: 12/12
  4378 | D:6      | XOM: divine lightning
  4593 | D:6      | XOM: give mutations
  4593 | D:6      | Gained mutation: You have supernaturally acute eyesight.
                  | (SInv) [Xom's grace]
  4593 | D:6      | Gained mutation: You are resistant to electric shocks.
                  | (rElec) [Xom's grace]
  4949 | D:7      | Found a stormy altar of Qazlal.
  5082 | D:7      | Noticed Maggie
  5087 | D:7      | XOM: noise
  5090 | D:7      | Reached skill level 5 in Armour
  5092 | D:7      | Killed Maggie
  5114 | D:7      | XOM: enchant monster (bad)
  5123 | D:7      | Reached XP level 10. HP: 34/77 MP: 14/14
  5411 | D:7      | Reached skill level 5 in Polearms
  5487 | D:7      | Found Bikoamm's Distillery.
  5494 | D:7      | Bought a potion of resistance for 120 gold pieces
  5494 | D:7      | Bought a potion of enlightenment for 60 gold pieces
  5494 | D:7      | Bought 2 potions of heal wounds for 120 gold pieces
  5494 | D:7      | Bought a potion of haste for 120 gold pieces
  5503 | D:7      | Reached skill level 5 in Dodging
  5856 | D:8      | XOM: god gift: 23 gold pieces
  5889 | D:8      | Noticed Amaemon
  5890 | D:8      | Noticed an orange demon
  5898 | D:8      | Killed an orange demon
  5899 | D:8      | Killed Amaemon
  6063 | D:8      | Noticed Maurice
  6069 | D:8      | Maurice stole a -1 demon whip of venom
  6071 | D:8      | Maurice stole a storm talisman
  6075 | D:8      | Killed Maurice
  6090 | D:8      | Found a sparkling altar of Nemelex Xobeh.
  6216 | D:8      | Got the Incunable of Grounded Ashes
  6529 | D:8      | XOM: give mutations
  6529 | D:8      | Gained mutation: You are agile. (Dex +4, Str/Int -1) [Xom's
                  | grace]
  6529 | D:8      | Gained mutation: Your system is resistant to poisons.
                  | (rPois) [Xom's grace]
  6691 | D:9      | XOM: confusion (+ monsters)
  6780 | D:9      | XOM: smoke on damage
  6785 | D:9      | Reached XP level 11. HP: 60/84 MP: 16/16
  6790 | D:9      | Noticed a two-headed ogre
  6792 | D:9      | XOM: scenery: create altars
  6795 | D:9      | Killed a two-headed ogre
  6796 | D:9      | Reached skill level 5 in Evocations
  6813 | D:9      | Noticed a two-headed ogre
  6818 | D:9      | Noticed a sixfirhy
  6828 | D:9      | Killed a two-headed ogre
  6873 | D:9      | XOM: give mutations
  6873 | D:9      | Gained mutation: You have a pair of small horns on your
                  | head. [Xom's grace]
  6873 | D:9      | Gained mutation: Your muscles are strong. (Str +4, Int/Dex
                  | -1) [Xom's grace]
  6873 | D:9      | Gained mutation: You are partially covered in large bone
                  | plates. (SH +4) [Xom's grace]
  6873 | D:9      | Gained mutation: You are very agile. (Dex +8, Str/Int -2)
                  | [Xom's grace]
  6938 | D:9      | Found Qiel's Vocational Training.
  6938 | D:9      | XOM: 3-stop teleportation journey
  7145 | D:9      | XOM: 4-stop teleportation journey
  7149 | D:9      | Noticed a boulder beetle
  7149 | D:9      | Noticed a manticore
  7162 | D:9      | XOM: summons 2 hostile demons
  7166 | D:9      | Killed a boulder beetle
  7183 | D:9      | Killed a manticore
  7184 | D:9      | Reached skill level 1 in Unarmed Combat
  7186 | D:9      | Noticed a cyan ugly thing
  7206 | D:9      | Killed a cyan ugly thing
  7218 | D:9      | XOM: stat loss: -1 Str (18/19)
  7462 | D:9      | XOM: summons 2 hostile demons
  7487 | D:9      | Noticed a white ugly thing
  7500 | D:9      | Killed a white ugly thing
  7728 | D:9      | Found a staircase to the Lair.
  7793 | D:9      | Found a snail-covered altar of Cheibriados.
  7798 | D:9      | Found a glowing golden altar of the Shining One.
  7865 | D:9      | XOM: stat loss: -1 Int (9/11)
  7945 | D:9      | Found an opulent altar of Gozag.
  7945 | D:9      | Found a basalt altar of Yredelemnul.
  8062 | D:9      | XOM: smoke on damage
  8062 | D:9      | XOM: torment (44/86 hp)
  8353 | D:9      | XOM: give mutations
  8353 | D:9      | Gained mutation: You passively map a small area around you.
                  | [Xom's mischief]
  8353 | D:9      | Gained mutation: You are strong-willed. (Will+) [Xom's
                  | mischief]
  8353 | D:9      | Lost mutation: Your body often deteriorates upon taking
                  | damage. [Xom's mischief]
  8446 | D:9      | XOM: give mutation
  8446 | D:9      | Gained mutation: You are frail. (-10% HP) [Xom's mischief]
  8616 | D:10     | Entered Level 10 of the Dungeon
  8751 | D:10     | Noticed Erica
  8751 | D:10     | Erica changed into Erica the warg
  8751 | D:10     | Noticed Erica
  8751 | D:10     | XOM: polymorph Erica -> Erica the warg
  8758 | D:10     | Killed Erica the warg
  8770 | D:10     | Learned a level 2 spell: Cigotuvi's Dreadful Rot
  8775 | D:10     | Learned a level 4 spell: Ignite Poison
  8779 | D:10     | XOM: god gift: 2 boomerangs
  8786 | D:10     | Learned a level 4 spell: Sticky Flame
  8788 | D:10     | Learned a level 1 spell: Foxfire
  8794 | D:10     | Learned a level 5 spell: Freezing Cloud
  8995 | D:10     | Identified the +0 ring mail of Activism {-Cast rN+++ rCorr
                  | Str-2}
  9131 | D:10     | You fall into a shaft and drop 2 floors!
  9209 | D:12     | Noticed a manticore
  9210 | D:12     | XOM: destruction
  9216 | D:12     | Killed a manticore
  9217 | D:12     | Reached XP level 12. HP: 65/83 MP: 0/18
  9362 | D:12     | Found a portal to a secret trove of treasure.
  9443 | D:12     | Identified the storm talisman "Liduchop" {rCorr}
  9473 | D:12     | XOM: summons friendly crimson imp
  9668 | D:12     | Reached skill level 1 in Conjurations
  9736 | D:12     | XOM: butterfly on damage
  9737 | D:12     | XOM: god gift: 14 gold pieces
  9744 | D:12     | Reached skill level 1 in Necromancy
  9887 | D:12     | Noticed a centaur warrior
  9891 | D:12     | Reached skill level 1 in Alchemy
  9946 | D:11     | Noticed a two-headed ogre
  9948 | D:11     | XOM: scenery: summon butterflies
  9949 | D:11     | XOM: divination: magic mapping
  9952 | D:11     | XOM: summons friendly shadow imp
  9954 | D:11     | XOM: scenery: create altars
  9957 | D:11     | XOM: polymorph shadow imp -> neqoxec
  9966 | D:11     | XOM: confuse monster(s)
  9972 | D:11     | Killed a two-headed ogre
 10244 | D:10     | XOM: cloud trail
 10582 | D:4      | Bought a scroll of noise for 29 gold pieces
 10582 | D:4      | Bought a scroll of identify for 58 gold pieces
 10602 | D:4      | Bought a potion of berserk rage for 55 gold pieces
 10626 | D:4      | Bought a potion of haste for 120 gold pieces
 10626 | D:4      | Bought a potion of haste for 120 gold pieces
 10751 | D:11     | Noticed a two-headed ogre
 10756 | D:11     | XOM: enchant monster (bad)
 10758 | D:11     | Killed a two-headed ogre
 10814 | D:11     | XOM: silly message
 10860 | D:11     | XOM: give mutations
 10860 | D:11     | Gained mutation: Your flesh is heat resistant. (rF+) [Xom's
                  | grace]
 10860 | D:11     | Gained mutation: You have a somewhat thin skeletal
                  | structure. (Dex +2, Stealth+) [Xom's grace]
 10860 | D:11     | Gained mutation: You are highly strong-willed. (Will++)
                  | [Xom's grace]
 10926 | D:11     | XOM: cast spell 'Chain of Chaos'
 10932 | D:11     | Noticed Fannar
 10938 | D:11     | Killed Fannar
 11024 | D:11     | Noticed a boulder beetle
 11024 | D:11     | XOM: 1-stop teleportation journey
 11106 | D:11     | XOM: divination: detect creatures
 11121 | D:11     | XOM: god gift: 4 stones
 11193 | D:11     | Noticed Erolcha
 11193 | D:11     | Noticed a boulder beetle
 11214 | D:11     | XOM: confuse monster(s)
 11215 | D:11     | Killed Erolcha
 11216 | D:11     | Reached skill level 5 in Stealth
 11223 | D:11     | Killed a boulder beetle
 11294 | D:11     | XOM: give mutation
 11294 | D:11     | Gained mutation: You are extremely strong-willed. (Will+++)
                  | [Xom's grace]
 11425 | D:12     | XOM: butterfly on damage
 11523 | D:12     | Found a staircase to the Orcish Mines.
 11547 | D:12     | Found a roughly hewn altar of Beogh.
 11704 | D:12     | Noticed a centaur warrior
 11707 | D:12     | XOM: summons friendly shadow imp
 11717 | D:12     | Killed a centaur warrior
 11718 | D:12     | Reached XP level 13. HP: 51/90 MP: 19/19
 11864 | D:12     | XOM: polymorph centaur warrior -> alligator
 11865 | D:12     | an alligator changed into a great orb of eyes
 11865 | D:12     | Noticed a great orb of eyes
 11865 | D:12     | XOM: polymorph alligator -> great orb of eyes
 11870 | D:12     | Killed a great orb of eyes
 11884 | D:12     | XOM: divination: magic mapping
 11885 | D:12     | XOM: divination: detect creatures
 11943 | D:12     | XOM: silly message
 11944 | D:12     | XOM: noise
 11958 | D:12     | XOM: confuse monster(s)
 11960 | D:12     | Noticed a rakshasa
 11964 | D:12     | Killed a rakshasa
 11980 | D:12     | XOM: polymorph salamander -> shapeshifter
 11998 | D:12     | XOM: cast spell 'Fugue of the Fallen'
 12060 | D:12     | Got the Thoughts on Bruises
 12065 | D:12     | Learned a level 3 spell: Mephitic Cloud
 12256 | D:12     | XOM: silly message
 12339 | D:13     | XOM: divination: magic mapping
 12439 | D:13     | XOM: give mutations
 12439 | D:13     | Lost mutation: You passively map a small area around you.
                  | [Xom's mischief]
 12439 | D:13     | Lost mutation: You have a pair of small horns on your head.
                  | [Xom's mischief]
 12439 | D:13     | Lost mutation: You are extremely strong-willed. (Will+++)
                  | [Xom's mischief]
 12439 | D:13     | Lost mutation: You are highly strong-willed. (Will++)
                  | [Xom's mischief]
 12743 | D:13     | XOM: smoke on damage
 12758 | D:13     | Found Ofihestaamm's Superior Scales.
 12758 | D:13     | Noticed an ice dragon
 12765 | D:13     | XOM: cast spell 'Malign Gateway'
 12771 | D:13     | Killed from afar by an ice dragon

Illustrated notes

Levels and vault maps discovered:
D:1:      lightli_arrival_flooded_house, layout_loops_ring,
          minmay_misc_feat_chi, chequers_serial_rivers_room_a
D:2:      layout_loops_ring, basic_altar, uniq_natasha
D:3:      layout_rooms, serial_shops, shop,
          chequers_ecumenical_altar_simple_redux, chequers_big_river,
          kennysheep_generic_room_15, uniq_sigmund, uniq_robin, uniq_terence
D:4:      layout_basic, serial_shops, shop, shop, shop
D:5:      layout_basic, okawaru_ov_weapons_minmay,
          nicolae_overflow_two_pavilions, minmay_temple_entry_butterflies,
          uniq_grinder
D:6:      layout_loops_cross, nicolae_overflow_crystal_walls,
          jmf_multi_god_temple, uniq_menkaure, uniq_prince_ribbit1
D:7:      layout_rooms, old_standard_altar, serial_shops, nicolae_shop_crystal,
          minmay_ruffians, uniq_maggie
D:8:      layout_basic, mainiacjoe_overflow_cross_hatched,
          minmay_misc_feat_encased, uniq_maurice, uniq_amaemon
D:9:      nzn_winding_woodlands_stair_cross [nzn_winding_woodlands_5x15_zeroes,
          nzn_winding_woodlands_center_lodge,
          nzn_winding_woodlands_5x15_sawtooth,
          nzn_winding_woodlands_5x5_perimeter, nzn_winding_woodlands_5x5_three,
          nzn_winding_woodlands_5x15_parted,
          nzn_winding_woodlands_center_diamonds,
          nzn_winding_woodlands_5x15_jagged], layout_basic,
          mainiacjoe_overflow_big_doors, gammafunk_temple_overflow_elements,
          nicolae_shop_vocational
D:10:     layout_basic, uniq_erica
D:11:     layout_rooms, kennysheep_generic_room_11, uniq_erolcha, uniq_fannar
D:12:     regret_index_reflect_refract, layout_loops_corners,
          minmay_orc_entry_temple_small, nicolae_trove_entry_columns
D:13:     layout_irregular_city, ximxim_vaults_locker_room, hellmonk_scale_shop
Temple:   nicolae_temple_ecumenical_triangle

Skill      XL: |  1  2  3  4  5  6  7  8  9 10 11 12 13 |
---------------+----------------------------------------+-----
Dodging        | 1 2 3 4 5 6 7 8 |  8.0
Armour         | 2 3 4 5 6 7 8 |  8.4
Polearms       | 1 2 3 4 5 6 7 8 |  8.0
Stealth        | 1 2 3 4 5 |  5.4
Spellcasting   | 1 2 3 4 |  4.9
Fighting       | 4 5 6 7 8 9 |  9.5
Axes           | 4 5 6 7 8 9 |  9.5
Evocations     | 1 2 3 4 5 6 7 |  7.0
Unarmed Combat | 1 2 3 |  3.3
Conjurations   | 2 3 |  3.0
Necromancy     | 2 3 |  3.0
Alchemy        | 2 3 |  3.1

Action                     |  1- 3 |  4- 6 |  7- 9 | 10-12 | 13-15 || total
---------------------------+-------+-------+-------+-------+-------++-------
  Melee: Dagger            |    52 |    17 |       |       |       ||    69
         Hand axe          |    53 |    49 |   112 |   357 |    99 ||   670
         Short sword       |       |    17 |       |       |       ||    17
         Trident           |       |    13 |   143 |   429 |   112 ||   697
         Headbutt          |       |       |       |    66 |    25 ||    91
  Evoke: Lightning rod     |       |       |     2 |    12 |     6 ||    20
         Wand              |       |       |       |    14 |    16 ||    30
    Use: Potion            |     1 |     4 |    12 |     7 |     2 ||    26
         Scroll            |       |       |     5 |    17 |     3 ||    25
   Stab: Sleeping          |     1 |     1 |     1 |    14 |     1 ||    18
         Petrifying        |     1 |       |       |     3 |       ||     4
         Confused          |       |       |       |     1 |    20 ||    21
         Invisible         |       |       |       |    25 |       ||    25
         Distracted        |       |       |       |     4 |       ||     4
         Petrified         |       |       |       |     1 |       ||     1
 Armour: Leather armour    |    37 |    26 |       |       |       ||    63
         Skin              |       |     2 |       |       |       ||     2
         Chain mail        |       |     8 |    86 |       |       ||    94
         Ring mail         |       |       |    32 |    10 |       ||    42
         Steam dragon scal |       |       |       |   217 |    58 ||   275
  Dodge: Dodged            |    20 |    25 |    40 |   303 |   125 ||   513
  Block: Other             |       |       |       |    35 |    21 ||    56

Table legend: (Time is in decaauts)
 A = Elapsed time spent in this place.
 B = Non-inter-level travel time spent in this place.
 C = Inter-level travel time spent in this place.
 D = Time resting spent in this place.
 E = Time spent auto-exploring this place.
 F = Levels seen in this place.
 G = Mean time per level.
                   A        B        C        D        E       F      G
               +--------+--------+--------+--------+--------+-----+--------+
         Total |  12651 |  11776 |    875 |     50 |   9629 |  14 |  903.6 |
       Dungeon |  12649 |  11775 |    874 |     50 |   9629 |  13 |  973.0 |
        Temple |      1 |      1 |      0 |      0 |      0 |   1 |    1.0 |
               +--------+--------+--------+--------+--------+-----+--------+

Top non-repeatable levels by time:
     D:9: 1924 daAuts
    D:12: 1764 daAuts
     D:6: 1171 daAuts
    D:10: 1009 daAuts
     D:8: 941 daAuts
     D:5: 857 daAuts
     D:3: 827 daAuts
     D:7: 820 daAuts
     D:1: 799 daAuts
     D:4: 747 daAuts
     D:2: 692 daAuts
    D:11: 673 daAuts
    D:13: 420 daAuts
  Temple: 1 daAuts
